 Dungeon Crawl Stone Soup version 0.26-a0-52-gd53d4cd058 (webtiles) character file.

Game seed: 2956564014323437412

580 NoOffense the Stinger (level 7, -2/40 HPs)
             Began as a Deep Elf Venom Mage on June 5, 2020.
             Slain by a hound (5 damage)
             ... on level 4 of the Dungeon.
             The game lasted 00:43:31 (3009 turns).

NoOffense the Stinger (Deep Elf Venom Mage)         Turns: 3009, Time: 00:43:31

Health: -2/40      AC:  3    Str:  7    XL:     7   Next: 13%
Magic:  13/15      EV: 13    Int: 20    God:
Gold:   141        SH:  4    Dex: 15    Spells: 13/14 levels left

rFire    . . .     SeeInvis .   g - +0 short sword
rCold    . . .     Gourm    .   s - +0 buckler
rNeg     . . .     Faith    .   a - +0 robe
rPois    .         Spirit   .   b - +0 helmet
rElec    .         Reflect  .   (no cloak)
rCorr    .         Harm     .   (no gloves)
MR       .....                  (no boots)
Stlth    ++........             (no amulet)
HPRegen  0.13/turn              (no ring)
MPRegen  0.14/turn              (no ring)

@: no status effects
A: no striking features
a: no special abilities


You were on level 4 of the Dungeon.
You were not hungry.

You visited 2 branches of the dungeon, and saw 6 of its levels.

You collected 141 gold pieces.

Inventory:

Hand Weapons
 g - a +0 short sword (weapon)
 v - a +0 hunting sling
Missiles
 d - 2 curare-tipped darts
 e - 33 arrows
 m - 35 sling bullets
 o - 17 poisoned darts (quivered)
 q - 86 stones
Armour
 a - a +0 robe (worn)
 b - a +0 helmet (worn)
 s - a +0 buckler (worn)
 x - a +0 kite shield
Jewellery
 r - an uncursed ring of ice {unknown}
 y - an uncursed ring of positive energy {unknown}
Scrolls
 h - 3 scrolls of teleportation {unknown}
 i - a scroll of enchant weapon {unknown}
 k - 3 scrolls of identify {unknown}
 n - 3 scrolls of remove curse {unknown}
 p - a scroll of immolation {unknown}
 t - a scroll of fog {unknown}
Potions
 f - a potion of flight {unknown}
 j - a potion of stabbing {unknown}
 l - a potion of might {unknown}
 u - a potion of invisibility {unknown}
 w - 3 potions of curing {unknown}
 z - a potion of magic {unknown}
 A - 2 potions of resistance {unknown}
Comestibles
 c - 4 rations


   Skills:
 * Level 2.4 Fighting
 * Level 2.7 Short Blades
 * Level 0.0(0.7) Slings
 + Level 1.8 Throwing
 + Level 3.5 Dodging
 + Level 3.6 Stealth
 + Level 1.0 Shields
 + Level 4.1 Spellcasting
 + Level 2.7 Transmutations
 * Level 4.8 Poison Magic


You had 13 spell levels left.
You knew the following spells:

 Your Spells              Type           Power        Failure   Level  Hunger
a - Sting                 Tmut/Pois      ###.         3%          1    None

Your spell library contained the following spells:

 Spells                   Type           Power        Failure   Level  Hunger
 Poisonous Vapours        Pois/Air       ##....       11%         2    #......
 Ignite Poison            Fire/Tmut/Pois ##......     21%         3    ###....
 Olgreb's Toxic Radiance  Pois           ###.....     26%         4    ####...
 Mephitic Cloud           Conj/Pois/Air  ##......     28%         3    ###....


Dungeon Overview and Level Annotations

Branches:
Dungeon (5/15)             Temple (1/1) D:4

Altars:
Ashenzari
Cheibriados
Elyvilon
Gozag
Nemelex Xobeh
Trog
Uskayaw
Wu Jian
Xom
Yredelemnul
Zin
The Shining One

Shops:
D:4 }

Annotations:
D:2 exclusion: 2 doors
D:4 Ijyb, Pikel
D:5 1 runed translucent door, 1 exclusion, Crazy Yiuf, Edmund


Message History

* * * LOW HITPOINT WARNING * * *
The hound skeleton bites you but does no damage.
The hound skeleton closely misses you. The hound bites you.
* * * LOW HITPOINT WARNING * * *
Okay, then.
Casting: Sting (safe; 3% risk of failure)
Confirm with . or Enter, or press ? or * to list all spells.
Aiming: Sting (safe; 3% risk of failure)
Press: ? - help, Shift-Dir - straight line, f/p - hound
Aim: a hound (heavily wounded, very poisoned)
The sting hits the hound but does no damage.
The hound looks even sicker.
The hound is heavily wounded.
The hound skeleton barely misses you.
The hound stops to sniff the ground.
The hound barely misses you. The hound skeleton closely misses you.
The hound closely misses you. The hound bites you.
You die...

8.8..................##.##...?..
.⌠...........................##.%
∩.8..............#..............#
.⌠...............#.........#....#
8.8.......................###...#
#.#.........................#####
#.##........................#
....##.##.#......Z.........##
........#.##....@h.##..#.###
..#.#.#....###......######
...........#........#
..#.#.#.............#
...............##.###
..#.#.#..##.##..#.###
...............#....#
..........##.#.....##
.....#...###....####


You could see a hound (very poisoned) and a hound skeleton.

Vanquished Creatures
  2 ogres
  A slave (D:4)
  A scorpion (D:4)
  A howler monkey (D:3)
  2 orc wizards (D:3)
  A worker ant zombie (D:5)
  2 gnolls
  12 adders
  An ooze (D:2)
  2 worms
  2 dart slugs
  4 leopard geckos
  12 orcs
  3 ball pythons
  4 giant cockroaches
  10 goblins
  9 hobgoblins
  12 jackals
  7 bats
  6 frilled lizards
  9 kobolds
  A quokka skeleton (D:4)
  7 rats
111 creatures vanquished.

Notes
Turn   | Place    | Note
-------+----------+-------------------------------------------
     0 | D:1      | NoOffense the Deep Elf Venom Mage began the quest for the
                  | Orb.
     0 | D:1      | Reached XP level 1. HP: 10/10 MP: 6/6
   138 | D:1      | Reached XP level 2. HP: 16/16 MP: 4/8
   430 | D:2      | Reached skill level 1 in Fighting
   430 | D:2      | Reached XP level 3. HP: 9/20 MP: 5/9
   539 | D:2      | Found a sparkling altar of Nemelex Xobeh.
   539 | D:2      | Found a hide-covered altar of Uskayaw.
   539 | D:2      | Found a glowing silver altar of Zin.
   778 | D:2      | Reached skill level 1 in Short Blades
   778 | D:2      | Reached XP level 4. HP: 21/25 MP: 7/11
  1459 | D:3      | Reached XP level 5. HP: 29/29 MP: 9/12
  1669 | D:3      | Reached skill level 1 in Throwing
  1984 | D:3      | Reached XP level 6. HP: 34/35 MP: 9/13
  2195 | D:4      | Noticed Ijyb
  2228 | D:4      | Found Rinul's Gadget Shoppe.
  2445 | D:4      | Reached XP level 7. HP: 19/40 MP: 12/15
  2572 | D:4      | Found a staircase to the Ecumenical Temple.
  2581 | Temple   | Entered the Ecumenical Temple
  2704 | D:4      | Noticed Pikel
  2723 | D:5      | Entered Level 5 of the Dungeon
  2783 | D:5      | Found a runed translucent door.
  2784 | D:5      | Noticed Crazy Yiuf
  2849 | D:5      | Reached skill level 1 in Shields
  2893 | D:5      | Noticed Edmund
  3009 | D:4      | Slain by a hound

Illustrated notes

Levels and vault maps discovered:
D:1:      dpeg_arrival_erosion, layout_basic
D:2:      layout_loops_ring, chequers_temple_overflow_statue_of_worship,
          gammafunk_temple_overflow_wave, minmay_heptomino_o4
D:3:      layout_basic, hangedman_decor_points
D:4:      layout_cave_pools, temple_fountains, first_ration, serial_glass,
          glass_columns_b, glass_columns_c, serial_shops,
          nicolae_shop_temple_entry_statues_fountains, uniq_pikel,
          uniq_eustachio, uniq_ijyb
D:5:      layout_gridville, fedhas_ov_isle_minmay, uniq_edmund,
          uniq_crazy_yiuf_cottage
Temple:   jpeg_temple_island

Skill      XL: |  1  2  3  4  5  6  7 |
---------------+----------------------+-----
Fighting       | 1 2 |  2.4
Short Blades   | 1 2 |  2.7
Stealth        | 3 |  3.6
Transmutations | 2 |  2.7
Poison Magic   | 4 |  4.8
Throwing       | 1 |  1.8
Dodging        | 3 |  3.5
Spellcasting   | 4 |  4.1
Shields        | 1 |  1.0

Action                   |  1- 3 |  4- 6 |  7- 9 || total
-------------------------+-------+-------+-------++-------
Melee: Unarmed           |     1 |       |       ||     1
       Short sword       |     6 |    52 |    36 ||    94
 Fire: Hunting sling     |       |       |    10 ||    10
Throw: Dart              |     5 |    26 |       ||    31
 Cast: Sting             |    47 |   111 |    11 ||   169
 Stab: Sleeping          |     2 |     1 |       ||     3
  Eat: Chunk             |       |     5 |     1 ||     6
Armor: Robe              |     1 |    16 |     9 ||    26
Dodge: Dodged            |    12 |    58 |    34 ||   104
Block: Buckler           |       |     9 |     8 ||    17

Table legend:
 A = Non-vault XP
 B = Vault XP
 C = Vault XP percentage of total XP
 D = Non-vault monster count
 E = Vault monster count
 F = Vault count percentage of total count
                 A         B        C        D         E       F
            +---------+---------+-------+---------+---------+-------
      Total |     795 |      34 |   4.1 |     107 |       3 |   2.7
            +---------+---------+-------+---------+---------+-------
        D:1 |      37 |       0 |   0.0 |      23 |       0 |   0.0
        D:2 |      86 |      34 |  28.3 |      26 |       3 |  10.3
        D:3 |     411 |       0 |   0.0 |      45 |       0 |   0.0
        D:4 |     238 |       0 |   0.0 |       9 |       0 |   0.0
        D:5 |      23 |       0 |   0.0 |       4 |       0 |   0.0
            +---------+---------+-------+---------+---------+-------
